 Dungeon Crawl Stone Soup version 0.19-a0-1697-g0595f0e (webtiles) character file.

992452 Saways the Invulnerable (level 27, 0/222 (240) HPs)
             Began as a Human Fighter on Sept 26, 2016.
             Was the Champion of the Shining One.
             Slain by a skeletal warrior
             ... wielding a +0 dire flail
             ... led by the effects of Hell
              (6 damage)
             ... on level 2 of the Iron City of Dis on Sept 27, 2016.
             The game lasted 03:52:49 (116310 turns).

Saways the Invulnerable (Human Fighter)           Turns: 116310, Time: 03:52:49

HP:   0/222 (240)   AC: 45    Str: 27    XL:     27
MP:   45/49         EV: 24    Int: 17    God:    the Shining One [******]
Gold: 10474         SH: 12    Dex: 24    Spells: 7 memorised, 28 levels left

rFire  + + +     SeeInvis +     f - +9 triple sword (holy)
rCold  + + .     Gourm    .     Q - +8 gold dragon armour
rNeg   + + +     Faith    .     (shield currently unavailable)
rPois  +         Spirit   .     R - -2 hat of the Alchemist {rElec rPois rF+ rC+ rN+ MR+ rMut rCorr}
rElec  +         Dismiss  .     P - +0 cloak of the Wilderness {Str+4 Int-2 Dex+4}
rCorr  +         Reflect  .     E - +1 pair of gloves {Dex+3}
rMut   +         Harm     .     X - +2 pair of boots
MR     +++..                    A - amulet "Jaata" {Regen+ Int+4 SInv}
Stlth  ..........               o - ring "Cirgh" {rF+ Dex+4}
                                t - +5 ring of evasion

@: divine shield, glowing
A: iridescent scales 1, screaming 1, MP-powered wands
a: Divine Shield, Cleansing Flame, Summon Divine Warrior, Renounce Religion
}: 6/15 runes: serpentine, barnacled, silver, golden, obsidian, abyssal


You were on level 2 of the Iron City of Dis.
You worshipped the Shining One.
The Shining One was exalted by your worship.
You were not hungry.

You visited 15 branches of the dungeon, and saw 66 of its levels.
You visited the Abyss 1 time.
You visited 1 bazaar.
You also visited: Labyrinth, Trove and Wizlab.

You collected 12216 gold pieces.
You spent 1742 gold pieces at shops.

Inventory:

Hand Weapons
 f - a +9 triple sword of holy wrath (weapon)
 j - a +2 double sword of draining
 W - the +10 triple sword of Tyukh {slice, rPois}
   (Okawaru gifted it to you on level 5 of the Vaults)

   It inflicts extra damage upon your enemies.
   It protects you from poison.
Armour
 e - a +2 buckler of reflection
 E - a +1 pair of gloves of dexterity (worn)
 P - the +0 cloak of the Wilderness (worn) {Str+4 Int-2 Dex+4}
   (You found it on level 3 of the Lair of Beasts)

   It affects your strength (+4).
   It affects your intelligence (-2).
   It affects your dexterity (+4).
 Q - a +8 gold dragon armour (worn)
 R - the -2 hat of the Alchemist (worn) {rElec rPois rF+ rC+ rN+ MR+ rMut rCorr}
   (You found it in a wizard's laboratory)

   It protects you from fire.
   It protects you from cold.
   It insulates you from electricity.
   It protects you from poison.
   It protects you from negative energy.
   It affects your resistance to hostile enchantments.
   It protects you from acid and corrosion.
   It protects you from mutation.
 X - a +2 pair of boots (worn)
Jewellery
 o - the ring "Cirgh" (right hand) {rF+ Dex+4}
   (You found it on level 6 of the Lair of Beasts)

   [ring of protection from fire]

   It affects your dexterity (+4).
   It protects you from fire.
 t - a +5 ring of evasion (left hand)
 A - the amulet "Jaata" (around neck) {Regen+ Int+4 SInv}
   (You took it off a deep elf demonologist on level 5 of the Vaults)

   [amulet of regeneration]

   It affects your intelligence (+4).
   It lets you see invisible.
   It increases your rate of regeneration.
 G - the ring "Plog" {rF+ Int+4 Stlth+}
   (You acquired it on level 3 of the Realm of Zot)

   [ring of intelligence]

   It affects your intelligence (+4).
   It protects you from fire.
   It makes you more stealthy.
 O - an uncursed ring of protection from magic
Wands
 p - a wand of disintegration (11/24)
 s - a wand of digging (9/24)
 K - a wand of heal wounds (3/9)
 N - a wand of teleportation (7/9)
 U - a wand of teleportation (4/9)
 V - a wand of teleportation (5/9)
Scrolls
 a - 5 scrolls of summoning
 g - 24 scrolls of remove curse
 i - a scroll of holy word
 m - 5 scrolls of magic mapping
 q - 3 scrolls of silence
 u - 6 scrolls of fog
 w - 3 scrolls of immolation
 D - 4 scrolls of teleportation
 F - 3 scrolls of identify
 H - 7 scrolls of fear
 L - 13 scrolls of amnesia
 M - 7 scrolls of recharging
Potions
 c - a potion of haste
 d - a potion of resistance
 h - 4 potions of magic
 n - a potion of cure mutation
 r - 9 potions of flight
 x - 7 potions of brilliance
 B - 3 potions of cancellation
 J - 11 potions of curing
 T - 2 potions of heal wounds
Miscellaneous
 l - a figurine of a ziggurat
 y - 2 phantom mirrors
 z - a disc of storms
 I - 4 sacks of spiders
 S - 2 boxes of beasts
Comestibles
 b - 12 bread rations
 k - 16 fruits


   Skills:
 - Level 24.4 Fighting
 - Level 26.5 Long Blades
 O Level 27 Armour
 + Level 16.2 Dodging
 - Level 4.4 Shields
 * Level 22.0 Spellcasting
 - Level 13.8 Transmutations
 * Level 21.8 Air Magic
 - Level 11.7 Earth Magic
 - Level 13.4 Invocations


You had 28 spell levels left.
You knew the following spells:

 Your Spells              Type           Power        Failure   Level  Hunger
a - Controlled Blink      Tloc           N/A          100%        8    #######
b - Statue Form           Tmut/Erth      ######...    14%         6    ####...
c - Blink                 Tloc           N/A          24%         2    None
d - Aura of Abjuration    Summ           ###.......   100%        5    ##.....
e - Deflect Missiles      Chrm/Air       ######....   30%         6    ####...
f - Tornado               Air            #######...   99%         9    #######
g - Haste                 Chrm           ###.....     100%        6    ####...


Dungeon Overview and Level Annotations

Branches:
Dungeon (15/15)            Temple (1/1) D:4            Lair (6/6) D:10
 Shoals (4/4) Lair:3        Snake (4/4) Lair:3        Slime (0/5) Lair:6
    Orc (2/2) D:9             Elf (3/3) Orc:2        Vaults (5/5) D:14
  Crypt (3/3) Vaults:3       Tomb (3/3) Crypt:3      Depths (5/5) D:15
   Hell (1/1)                 Dis (2/7) Hell            Geh (7/7) Hell
    Coc (0/7) Hell            Tar (0/7) Hell            Zot (5/5) Depths:5

Altars:
Ashenzari
Cheibriados
Dithmenos
Elyvilon
Fedhas
Gozag
Hepliaklqana
Kikubaaqudgha
Makhleb
Nemelex Xobeh
Okawaru
Qazlal
Ru
Sif Muna
Trog
Uskayaw
Vehumet
Xom
Yredelemnul
Zin
The Shining One
Beogh

Shops:
D:8 *   D:14 %   Orc:1 }   Orc:2 }(*   Elf:1 [(   Elf:3 }   Snake:4 }
Vaults:1 *

Portals:
Hell: Depths:1 Depths:2 Depths:3 Depths:4 Depths:5
Abyss: Depths:2 Depths:4
Pandemonium: Orc:2 Depths:3 Depths:4
Ziggurat: Depths:4

Annotations:
D:11 Psyche
Lair:4 Rupert
Lair:6 exclusion: 2 oklob plants
Zot:5 1 exclusion


Innate Abilities, Weirdness & Mutations

You are partially covered in iridescent scales. (AC +2)
You occasionally shout uncontrollably at your foes.
You expend magic power (3 MP) to strengthen your wands.


Message History

The iron giant misses you.
You riposte.
You slash the iron giant!
The iron giant is severely wounded.
You block the skeletal warrior's attack.
Unknown command.
Unknown command.
You slash the iron giant!
The iron giant is severely wounded.
The ancient champion barely misses you.
The skeletal warrior hits you but does no damage.
You block the skeletal warrior's attack.
Unknown command.
Unknown command.
You slice the iron giant!!
The iron giant is severely wounded.
You block the ancient champion's attack.
The iron giant casts a spell at you. The iron shot hits you!
* * * LOW HITPOINT WARNING * * *
The skeletal warrior hits you with a dire flail.
You die...

...... #.# ...... #.#
......#######.#
..............#
..............#
..........)..)#######
######'#####.)......
#...z.)....#.)######
#.C@z))....#..#
#.)zz))....#..#
#..........#..#
#..........#..#
#..........#..#
#..........#..######
#..........#........
#..........#........
##########........


You could see an iron giant, an ancient champion and 3 skeletal warriors.

Vanquished Creatures
  Asmodeus (Geh:7)
  Khufu (Crypt:1)
  4 ancient liches
  4 orbs of fire (Zot:5)
  Mara (Crypt:3)
  Mennas (Vaults:5)
  36 greater mummies
  Sojobo (Depths:1)
  2 curse toes (Zot:4)
  7 Killer Klowns
  7 golden dragons
  4 caustic shrikes (Depths:3)
  Geryon (Hell)
  Jory (Crypt:1)
  A mutant beast (WizLab)
  4 bone dragons
  23 Brimstone Fiends
  An electric golem (Zot:5)
  3 Hell Sentinels
  Jorgrun (Elf:2)
  22 liches
  15 tentacled monstrosities
  7 deep elf blademasters
  24 Orb Guardians (Zot:5)
  18 titans
  7 tentacled starspawn
  2 quicksilver dragons (Vaults:5)
  Polyphemus (Shoals:4)
  7 deep elf master archers
  6 eldritch tentacles
  Gastronok (Lair:3)
  9 death cobs
  3 krakens
  11 sphinxes
  Agnes (Lair:3)
  17 storm dragons
  14 tengu reavers
  6 ancient champions
  Donald (Vaults:1)
  4 revenants
  16 greater nagas
  12 shadow dragons
  6 draconian monks
  32 frost giants
  Ilsuiw (Shoals:4)
  35 fire giants
  An iron dragon (shapeshifter) (Vaults:5)
  8 draconian knights
  2 orc warlords
  13 balrugs
  4 draconian scorchers
  An iron dragon (Depths:5)
  3 ghost moths
  5 deep elf sorcerers
  Louise (Shoals:4)
  A juggernaut zombie (D:15)
  20 vault wardens
  4 draconian shifters
  2 cacodemons
  A draconian zealot (Zot:1)
  8 deep elf elementalists
  3 curse skulls
  2 angels
  Aizul (Snake:1)
  4 draconian callers
  6 war gargoyles
  An entropy weaver (Vaults:5)
  24 ironheart preservers
  3 spriggan defenders
  22 very ugly things
  5 draconian annihilators
  9 ghouls
  34 stone giants
  24 reapers
  10 green draconians
  6 deep elf demonologists
  The ghost of 4thArraOfDagon the Grappler, a journeyman TrWn of Okawaru (Elf:1)
  8 bennus
  4 vampire knights
  12 deep elf annihilators
  11 black draconians
  27 spark wasps
  A lorocyproca (Hell)
  Azrael (Lair:3)
  11 purple draconians
  21 yellow draconians
  15 white draconians
  15 red draconians
  13 mottled draconians
  4 eidola
  11 ettins
  3 crystal guardians (Crypt:3)
  11 merfolk impalers
  A green death (Geh:3)
  A blizzard demon (Dis:2)
  14 merfolk javelineers
  Josephine (D:14)
  9 jiangshi
  25 mummy priests
  18 deep elf death magi
  3 quicksilver dragon zombies
  24 yaktaur captains
  23 fire dragons
  8 deep elf high priests
  15 great orbs of eyes
  Fannar (Orc:1)
  A minotaur (Lab)
  The ghost of Xiguana the Fighter, a journeyman DsCK of Xom (D:11)
  18 ice dragons
  6 hydras
  7 spriggan air magi
  11 naga warriors
  6 merfolk avatars
  An anaconda (shapeshifter) (Vaults:5)
  41 vault guards
  3 rakshasas
  4 catoblepae
  30 anacondas
  2 death knights
  6 quicksilver dragon skeletons
  17 centaur warriors
  Erica (D:8)
  32 dancing weapons
  9 merfolk aquamancers
  15 deep troll shamans
  7 tengu warriors
  63 death scarabs
  20 deep troll earth magi
  15 vampire magi
  23 ogre magi
  21 death yaks
  4 satyrs
  A hell hog (shapeshifter) (WizLab)
  40 hell hogs
  6 titan zombies
  16 naga sharpshooters
  A hellephant zombie (Crypt:1)
  2 thrashing horrors
  8 orc high priests
  Nergalle (D:12)
  12 spriggan berserkers
  An iron golem (WizLab)
  101 hell knights
  33 deep elf knights
  5 soul eaters
  19 sun demons
  7 shock serpents
  6 golden dragon zombies
  2 storm dragon zombies
  4 titan skeletons
  2 salamander mystics
  60 skeletal warriors
  9 iron trolls
  10 sea snakes
  2 shadow wraiths
  A spark wasp zombie (Depths:3)
  4 storm dragon skeletons
  A wretched star (Abyss:1)
  A sea snake (shapeshifter) (WizLab)
  An entropy weaver zombie (Crypt:2)
  6 unseen horrors
  4 glowing orange brains
  52 deep trolls
  10 flayed ghosts
  6 wizards
  6 anaconda zombies
  A torturous demonspawn (Orc:2)
  13 naga ritualists
  12 hill giants
  6 golden dragon skeletons
  31 deep elf archers
  24 ironbrand convokers
  A putrid demonspawn (Orc:2)
  17 phantasmal warriors
  21 harpies
  3 shadow dragon zombies
  A harpy (shapeshifter) (Elf:3)
  A sphinx zombie (Depths:3)
  9 orc sorcerers
  19 orc knights
  5 iron dragon zombies
  76 ugly things
  An orb spider (shapeshifter) (WizLab)
  4 stone giant zombies
  87 deep elf magi
  15 mana vipers
  Pikel (D:6)
  8 fauns
  47 necromancers
  6 anaconda skeletons
  A mana viper (shapeshifter) (Vaults:5)
  3 hornets
  3 shadow dragon skeletons
  A wolf spider zombie (Geh:7)
  3 fire giant zombies
  2 hornets (shapeshifter)
  7 wolf spiders
  3 worldbinders (Abyss:1)
  6 frost giant zombies
  18 salamanders
  2 guardian serpents (shapeshifter) (WizLab)
  24 moths of wrath
  10 manticores
  8 stone giant skeletons
  9 cyclopes
  9 elephants
  Maurice (Orc:2)
  A shock serpent zombie (Crypt:3)
  A moth of wrath (shapeshifter) (Abyss:3)
  12 guardian serpents
  5 frost giant skeletons
  4 dire elephant zombies
  A shining eye (Abyss:1)
  Joseph (D:7)
  An ice statue (Hell)
  6 human skeletons
  9 rust devils
  6 centaur zombies
  3 fire giant skeletons
  23 naga magi
  4 water nymphs
  52 black mambas
  2 black mambas (shapeshifter) (WizLab)
  An iron dragon skeleton (Geh:4)
  A titan simulacrum (Crypt:2)
  2 gargoyles (D:11)
  A shock serpent skeleton (Geh:1)
  12 smoke demons
  14 vault sentinels
  A storm dragon simulacrum (Vaults:4)
  A torpor snail (shapeshifter) (Vaults:5)
  9 sirens
  8 molten gargoyles (Geh:7)
  2 dire elephant skeletons
  7 spiny frogs
  2 spiny frogs (shapeshifter)
  2 orange demons (Abyss:1)
  2 emperor scorpion zombies
  3 komodo dragons (shapeshifter)
  A yaktaur zombie (D:15)
  91 yaktaurs
  6 efreet
  A swamp worm zombie (Crypt:1)
  A catoblepas zombie (Geh:7)
  27 hellions
  A rime drake (shapeshifter) (Vaults:4)
  2 kobold demonologists (D:11)
  A rime drake (Lair:5)
  11 freezing wraiths
  4 komodo dragons
  2 yaktaurs (shapeshifter)
  4 ice devils
  2 ancient zymes
  2 tengu conjurers
  19 tormentors
  3 harpy zombies
  30 red devils
  4 hydra zombies
  50 guardian mummies
  3 queen bees (shapeshifter) (WizLab)
  2 hellwings
  37 merfolk
  2 meliai (shapeshifter)
  A wind drake (shapeshifter) (Vaults:5)
  A pale draconian skeleton (Crypt:2)
  A polar bear (Lair:5)
  2 trolls (shapeshifter)
  A jumping spider (shapeshifter) (Vaults:4)
  Prince Ribbit (D:8)
  43 two-headed ogres
  A jumping spider (Vaults:5)
  A two-headed ogre (shapeshifter) (Elf:1)
  18 trolls
  6 raiju (Abyss:1)
  2 wind drakes
  3 harpy skeletons
  4 hydra skeletons
  9 dream sheep
  3 ice dragon zombies
  2 ettin zombies
  A satyr zombie (Crypt:1)
  39 slime creatures
  7 bog bodies
  A deep troll zombie (Depths:1)
  13 blink frogs
  2 hippogriffs (shapeshifter) (WizLab)
  4 fire dragon zombies
  13 hippogriffs
  105 flying skulls
  23 shadows
  14 snapping turtles
  A stone giant simulacrum (Vaults:3)
  2 alligator skeletons
  A deep troll skeleton (Depths:1)
  4 fire dragon skeletons
  22 water elementals
  18 redbacks
  A tarantella (shapeshifter) (WizLab)
  A tarantella (Vaults:5)
  2 black mamba zombies
  2 ettin skeletons
  40 wraiths
  Eustachio (D:5)
  9 air elementals
  A dire elephant simulacrum (Crypt:2)
  A redback (shapeshifter) (Vaults:5)
  6 spriggans
  3 wyverns
  7 ynoxinuls
  A black mamba skeleton (Geh:1)
  An ice dragon skeleton (Geh:3)
  3 basilisks
  2 hogs (shapeshifter) (WizLab)
  A fire bat (shapeshifter) (Vaults:4)
  14 fire bats
  A yak (shapeshifter) (WizLab)
  62 yaks
  43 fire elementals
  A human (shapeshifter) (Vaults:1)
  A golden eye (shapeshifter) (Vaults:1)
  4 vampire mosquitoes
  2 neqoxecs
  An emperor scorpion simulacrum (Tomb:3)
  7 hungry ghosts
  18 small abominations
  3 spriggans (shapeshifter)
  11 chaos spawn
  23 ushabtiu
  A yaktaur simulacrum (Depths:1)
  Edmund (D:5)
  A warg (shapeshifter) (Vaults:5)
  A torturous demonspawn zombie (Geh:2)
  12 wargs
  Menkaure (D:5)
  25 large abominations
  A steam dragon (D:11)
  4 spatial vortices
  4 mottled dragons
  3 human zombies
  4 soldier ants (shapeshifter)
  A swamp worm (shapeshifter) (Depths:1)
  6 water moccasins
  49 nagas
  A putrid demonspawn zombie (Crypt:1)
  A hydra simulacrum (Hell)
  5 soldier ants
  10 porcupines
  A merfolk skeleton (Geh:1)
  4 floating eyes (WizLab)
  79 hell hounds
  2 elf zombies
  3 snapping turtle zombies
  6 spiny frog zombies
  A swamp dragon zombie (Geh:5)
  55 orc warriors
  An eye of draining (shapeshifter) (Vaults:4)
  3 ice beasts
  6 phantoms
  8 wasps
  A fire dragon simulacrum (Crypt:2)
  7 sky beasts
  A ghost crab zombie (Crypt:2)
  An elephant zombie (Crypt:1)
  A slave (D:6)
  An alligator simulacrum (Hell)
  9 spiny frog skeletons
  17 necrophages
  84 ogres
  6 boggarts
  A dream sheep zombie (Crypt:1)
  6 eyes of draining
  The ghost of Xiguana the Skirmisher, an amateur DsCK of Xom (D:3)
  26 wolves
  2 snapping turtle skeletons
  24 centaurs
  2 manticore skeletons
  16 crocodiles
  4 swamp dragon skeletons
  Blork the orc (D:5)
  6 big kobolds
  2 spiny frog simulacra
  22 bullfrogs
  3 earth elementals
  4 scorpions
  A troll zombie (Geh:5)
  11 killer bees
  An orc simulacrum (Vaults:1)
  86 wights
  2 troll skeletons
  7 bullfrog zombies
  20 crimson imps
  38 starcursed masses
  A quasit (D:10)
  2 wasp zombies
  5 hounds
  38 orc priests
  7 jellies
  5 centaur skeletons
  9 iron imps
  15 iguanas
  4 bullfrog skeletons
  A gnoll shaman (D:6)
  20 orc wizards
  4 lightning spires (Depths:1)
  13 worker ants
  9 hell rats (Hell)
  Terence (D:3)
  A killer bee zombie (D:8)
  A tengu zombie (Geh:7)
  2 naga zombies
  A big kobold skeleton (Crypt:1)
  2 hound skeletons
  47 mummies
  12 gnolls
  28 river rats
  10 adders
  5 shadow imps
  An ufetubus (Abyss:1)
  An ooze (D:4)
  An adder zombie (D:7)
  An adder skeleton (D:8)
  A worm (D:4)
  3 dart slugs
  13 leopard geckos
  124 orcs
  15 bats
  3 giant cockroaches
  11 goblins
  5 hobgoblins
  14 jackals
  23 kobolds
  6 quokkas
  3 ball pythons
  A ball python zombie (Crypt:2)
  5 frilled lizards
  A frilled lizard skeleton (Crypt:1)
  2 orc zombies (Geh:5)
  13 rats
  A rat skeleton (Crypt:2)
  A crawling corpse (Vaults:5)
  2 fire vortices (Geh:7)
  A lurking horror (Abyss:3)
  11 starspawn tentacles
  13 tentacles
4625 creatures vanquished.

Vanquished Creatures (collateral kills)
  An orb of fire (Zot:5)
  A Brimstone Fiend (Geh:7)
  An Orb Guardian (Zot:5)
  2 reapers (Hell)
  A bennu (Tomb:3)
  4 death scarabs (Tomb:3)
  2 titan zombies (Hell)
  3 soul eaters (Hell)
  4 skeletal warriors (Hell)
  2 hell knights (Hell)
  A smoke demon (Hell)
  A shock serpent zombie (Tomb:3)
  A hydra zombie (Hell)
  2 guardian mummies (Tomb:3)
  A red devil (Hell)
  An alligator zombie (Hell)
  An ushabti (Tomb:3)
  A hydra simulacrum (Hell)
  4 hell hounds (Hell)
  A snapping turtle zombie (Hell)
  A crimson imp (Hell)
  2 hell rats (Hell)
  A mummy (Tomb:3)
39 creatures vanquished.

Vanquished Creatures (others)
  A tengu reaver (Vaults:4)
  A revenant (Tomb:2)
  A frost giant (Crypt:1)
  A bennu (Tomb:2)
  An anaconda (Snake:2)
  A merfolk aquamancer (Shoals:1)
  21 death scarabs
  A hell hog (Geh:6)
  An ogre mage (Vaults:3)
  A thrashing horror (Abyss:1)
  2 hell knights
  A sea snake (Shoals:4)
  A moth of wrath (Zot:5)
  A guardian serpent (Snake:4)
  3 guardian mummies
  A wraith (Geh:4)
  11 flying skulls
  An ushabti (Tomb:3)
  A naga (Snake:4)
  A hell hound (Geh:6)
  A hell hound (shapeshifter) (Elf:3)
  A slave (D:6)
  2 ogres
  A centaur (Depths:3)
  A scorpion (D:8)
  A crimson imp (Hell)
  A hound (D:8)
  A centaur zombie (Tomb:3)
  An orc wizard (Orc:1)
  4 mummies (Tomb:2)
  2 ball lightnings (Depths:1)
  3 orcs
  2 jackals (D:6)
  A kobold skeleton (Geh:5)
  A kobold zombie (Tomb:3)
  A crawling corpse (Elf:3)
  15 fungi
  A lurking horror (Abyss:3)
  73 plants
  13 starspawn tentacles
  13 tentacles
  64 withered plants
256 creatures vanquished.

Grand Total: 4920 creatures vanquished

Notes
Turn   | Place    | Note
-------+----------+-------------------------------------------
     0 | D:1      | Saways the Human Fighter began the quest for the Orb.
     0 | D:1      | Reached XP level 1. HP: 18/18 MP: 1/1
    84 | D:1      | Reached XP level 2. HP: 24/24 MP: 2/2
   463 | D:1      | Reached XP level 3. HP: 29/29 MP: 3/3
   981 | D:2      | Reached XP level 4. HP: 11/37 MP: 4/4
  1700 | D:3      | Noticed Terence
  1719 | D:3      | Killed Terence
  1719 | D:3      | Reached XP level 5. HP: 34/42 MP: 5/5
  2016 | D:3      | Found a shattered altar of Ashenzari.
  2079 | D:3      | Noticed Xiguana's ghost (amateur DsCK)
  2421 | D:3      | Reached XP level 6. HP: 47/48 MP: 6/6
  2995 | D:3      | Killed Xiguana's ghost
  2995 | D:3      | Reached skill level 4 in Armour
  2995 | D:3      | Reached skill level 1 in Dodging
  3300 | D:4      | Reached XP level 7. HP: 55/55 MP: 7/7
  3823 | D:4      | Noticed a hungry ghost
  3857 | D:4      | Killed a hungry ghost
  3857 | D:4      | Reached skill level 5 in Long Blades
  3870 | D:4      | Found a staircase to the Ecumenical Temple.
  3895 | Temple   | Entered the Ecumenical Temple
  4062 | Temple   | Became a worshipper of Warmaster Okawaru
  4100 | D:4      | Reached XP level 8. HP: 61/61 MP: 8/8
  4240 | D:4      | Reached skill level 5 in Fighting
  4356 | D:5      | Entered Level 5 of the Dungeon
  4811 | D:5      | Noticed Edmund
  4830 | D:5      | Killed Edmund
  4830 | D:5      | Reached * piety under Okawaru
  5086 | D:5      | Noticed Menkaure
  5094 | D:5      | Killed Menkaure
  5326 | D:5      | Noticed Blork the orc
  5338 | D:5      | Killed Blork the orc
  5338 | D:5      | Reached XP level 9. HP: 55/68 MP: 9/9
  5340 | D:5      | Noticed Eustachio
  5344 | D:5      | Reached skill level 5 in Armour
  5362 | D:5      | Killed Eustachio
  5592 | D:6      | Reached ** piety under Okawaru
  5676 | D:6      | Noticed Pikel
  5735 | D:6      | Killed Pikel
  5735 | D:6      | Reached skill level 1 in Invocations
  6102 | D:6      | Found a bloodstained altar of Trog.
  6158 | D:6      | Gained mutation: Your spells are a little easier to cast, but a little less powerful. [mutagenic meat]
  6161 | D:6      | Gained mutation: You are clumsy. (Dex -2) [mutagenic meat]
  6164 | D:6      | Gained mutation: You are resistant to hostile enchantments. (MR+) [mutagenic meat]
  6167 | D:6      | Gained mutation: You are very clumsy. (Dex -4) [mutagenic meat]
  6170 | D:6      | Gained mutation: Your body sometimes deteriorates upon taking damage. [mutagenic meat]
  6170 | D:6      | Gained mutation: You are partially covered in thin metallic scales. (AC +2) [potion of mutation]
  6170 | D:6      | Lost mutation: You are very clumsy. (Dex -4) [potion of mutation]
  6291 | D:6      | Gained mutation: You are frail. (-10% HP) [potion of mutation]
  6291 | D:6      | Lost mutation: You are clumsy. (Dex -2) [potion of mutation]
  6292 | D:6      | Gained mutation: You are agile. (Dex +2) [potion of mutation]
  6292 | D:6      | Gained mutation: Your body often deteriorates upon taking damage. [potion of mutation]
  6517 | D:7      | Reached *** piety under Okawaru
  6606 | D:7      | Reached skill level 10 in Long Blades
  6950 | D:7      | Found a snail-covered altar of Cheibriados.
  6991 | D:7      | Noticed Joseph
  7037 | D:7      | Killed Joseph
  7037 | D:7      | Reached XP level 10. HP: 51/68 MP: 10/12
  7059 | D:7      | Found a shadowy altar of Dithmenos.
  7141 | D:7      | Gained mutation: You are partially covered in iridescent scales. (AC +2) [potion of mutation]
  7141 | D:7      | Lost mutation: Your body often deteriorates upon taking damage. [potion of mutation]
  8068 | D:8      | Found a shimmering altar of Xom.
  8082 | D:8      | Reached **** piety under Okawaru
  8140 | D:8      | Reached skill level 6 in Armour
  8260 | D:8      | Noticed Prince Ribbit
  8281 | D:8      | Killed Prince Ribbit
  8346 | D:8      | Found Xogiczon's General Store.
  8351 | D:8      | Bought a scroll of blinking for 105 gold pieces
  8351 | D:8      | Bought a scroll of teleportation for 42 gold pieces
  8369 | D:8      | Noticed Erica
  8393 | D:8      | Killed Erica
  8393 | D:8      | Reached ***** piety under Okawaru
  8597 | D:8      | Found an opulent altar of Gozag.
  8601 | D:8      | Reached XP level 11. HP: 74/74 MP: 14/14
  9527 | D:9      | Found a staircase to the Orcish Mines.
  9846 | D:9      | Found a roughly hewn altar of Beogh.
  9995 | D:10     | Entered Level 10 of the Dungeon
 10070 | D:10     | Received a gift from Okawaru
 10172 | D:10     | Reached skill level 5 in Invocations
 10327 | D:10     | Noticed a hill giant
 10465 | D:10     | Noticed a hill giant
 10469 | D:10     | Killed a hill giant
 10599 | D:10     | Killed a hill giant
 10599 | D:10     | Reached skill level 7 in Armour
 10760 | D:10     | Noticed a hill giant
 10770 | D:10     | Killed a hill giant
 11192 | D:10     | Found a staircase to the Lair.
 11505 | D:10     | Noticed a hill giant
 11512 | D:10     | Killed a hill giant
 11573 | D:11     | Reached XP level 12. HP: 82/82 MP: 16/16
 11601 | D:11     | Noticed a soul eater
 11918 | D:11     | Noticed Xiguana's ghost (journeyman DsCK)
 11935 | D:11     | Killed Xiguana's ghost
 12182 | D:11     | Got a wizard robe
 12193 | D:11     | Identified the +2 robe of the Archfiend {Dex+2} (You found it on level 11 of the Dungeon)
 12270 | D:11     | Noticed Psyche
 12820 | Lair:1   | Entered Level 1 of the Lair of Beasts
 12827 | Lair:1   | Noticed a death yak
 12828 | Lair:1   | Noticed a death yak
 12828 | Lair:1   | Noticed a death yak
 12828 | Lair:1   | Noticed a death yak
 12848 | D:10     | Killed a death yak
 12848 | D:10     | Received a gift from Okawaru
 13339 | D:10     | Killed a death yak
 13344 | D:10     | Killed a death yak
 13352 | D:10     | Killed a death yak
 13352 | D:10     | Reached skill level 8 in Armour
 13999 | Lair:1   | Reached XP level 13. HP: 89/89 MP: 18/18
 15094 | Lair:1   | Reached skill level 15 in Long Blades
 15543 | Lair:2   | Noticed a seven-headed hydra
 15575 | Lair:2   | Killed a two-headed hydra
 15910 | Lair:3   | Noticed Gastronok
 15923 | Lair:3   | Killed Gastronok
 15923 | Lair:3   | Reached ****** piety under Okawaru
 16245 | Lair:3   | Found a staircase to the Snake Pit.
 16544 | Lair:3   | Received a gift from Okawaru
 16555 | Lair:3   | Reached skill level 9 in Armour
 16659 | Lair:3   | Found a staircase to the Shoals.
 16800 | Lair:3   | Got a spiked cloak
 16811 | Lair:3   | Identified the +0 cloak of the Wilderness {Str+4 Int-2 Dex+4} (You found it on level 3 of the Lair of Beasts)
 16849 | Lair:3   | Reached skill level 10 in Fighting
 17093 | Lair:4   | Noticed Rupert
 17478 | Orc:1    | Entered Level 1 of the Orcish Mines
 17478 | Orc:1    | Found Meaxku's Quality Used Wands.
 17484 | Orc:1    | Noticed Fannar
 17789 | D:12     | Found a labyrinth entrance.
 17800 | Lab      | Entered a labyrinth
 18234 | Lab      | Noticed a minotaur
 18655 | Lab      | Killed a minotaur
 18655 | Lab      | Reached XP level 14. HP: 45/99 MP: 13/20
 18657 | Lab      | Got a scintillating ruby amulet
 18868 | Lab      | Identified Remugging's Tome of Earthen Changing
 19173 | D:12     | Reached skill level 5 in Dodging
 19195 | D:12     | Identified the amulet "Lyfioff" {Faith rElec Int+6} (You took it off a minotaur in a labyrinth)
 19372 | D:12     | Noticed Nergalle
 19382 | D:12     | Killed Nergalle
 20806 | D:13     | Received a gift from Okawaru
 21457 | D:13     | Found a portal to a secret trove of treasure.
 22501 | D:14     | Reached XP level 15. HP: 23/107 MP: 22/22
 22956 | D:14     | Found a gate to the Vaults.
 23158 | D:14     | Received a gift from Okawaru
 23168 | D:14     | Noticed Josephine
 23333 | D:13     | Reached skill level 10 in Armour
 23900 | D:14     | Found Ceibe's Food Shop.
 24062 | D:14     | Killed Josephine
 24223 | D:14     | Reached skill level 10 in Invocations
 24675 | D:15     | Entered Level 15 of the Dungeon
 25757 | D:15     | Found a staircase to the Depths.
 25770 | D:15     | Received a gift from Okawaru
 27319 | Lair:5   | Reached XP level 16. HP: 107/114 MP: 24/24
 28689 | Lair:5   | Received a gift from Okawaru
 28719 | Lair:6   | Entered Level 6 of the Lair of Beasts
 29342 | Lair:6   | Found a staircase to the Slime Pits.
 30056 | Lair:6   | Got a shimmering jade ring
 30428 | Orc:1    | Killed Fannar
 30450 | Orc:1    | Received a gift from Okawaru
 31316 | Orc:2    | Entered Level 2 of the Orcish Mines
 31485 | Orc:2    | Found a staircase to the Elven Halls.
 31503 | Orc:2    | Received a gift from Okawaru
 31757 | Orc:2    | Reached XP level 17. HP: 122/122 MP: 25/25
 31783 | Orc:2    | Noticed Maurice
 31796 | Orc:2    | Killed Maurice
 31938 | Orc:2    | Found Kadeos's General Store.
 31964 | Orc:2    | Found Nugijong's Food Shop.
 32300 | Orc:2    | Gained mutation: You regenerate slowly when monsters are visible. [a neqoxec]
 32301 | Orc:2    | Gained mutation: Scrolls take you a little longer to read. [a neqoxec]
 32480 | Orc:2    | Gained mutation: Armour fits poorly on your strangely shaped body. [potion of mutation]
 32480 | Orc:2    | Lost mutation: Scrolls take you a little longer to read. [potion of mutation]
 32481 | Orc:2    | Gained mutation: Your spells are easier to cast, but less powerful. [potion of mutation]
 32481 | Orc:2    | Lost mutation: Your spells are easier to cast, but less powerful. [potion of mutation]
 32482 | Orc:2    | Lost mutation: You are frail. (-10% HP) [potion of mutation]
 32482 | Orc:2    | Gained mutation: You are mostly covered in iridescent scales. (AC +4) [potion of mutation]
 32482 | Orc:2    | Gained mutation: Your system is resistant to poisons. (rPois) [potion of mutation]
 32675 | Orc:2    | Found Ofuy's Antique Weapon Emporium.
 32675 | Orc:2    | Found Juigyur's Gadget Shoppe.
 32682 | Orc:2    | Found a one-way gate leading to the halls of Pandemonium.
 32936 | Orc:2    | Identified the ring "Cirgh" {rF+ Dex+4} (You found it on level 6 of the Lair of Beasts)
 33299 | Snake:1  | Entered Level 1 of the Snake Pit
 33299 | Snake:1  | Noticed Agnes
 33302 | Snake:1  | Noticed Azrael
 33315 | Lair:3   | Killed Agnes
 33315 | Lair:3   | Received a gift from Okawaru
 33315 | Lair:3   | Reached skill level 11 in Armour
 33321 | Lair:3   | Killed Azrael
 33830 | Snake:1  | Noticed Aizul
 33876 | Snake:1  | Killed Aizul
 34428 | Snake:1  | Received a gift from Okawaru
 34661 | Snake:1  | You fall through a shaft!
 35127 | Snake:2  | Reached XP level 18. HP: 122/146 MP: 27/27
 35237 | Snake:2  | Found Aggei's Distillery.
 35261 | Snake:2  | Learned a level 8 spell: Controlled Blink
 35272 | Snake:2  | Bought a potion of heal wounds for 55 gold pieces
 35272 | Snake:2  | Bought a potion of heal wounds for 55 gold pieces
 35272 | Snake:2  | Bought a potion of curing for 33 gold pieces
 35272 | Snake:2  | Bought a potion of curing for 33 gold pieces
 35272 | Snake:2  | Bought a potion of curing for 33 gold pieces
 35272 | Snake:2  | Bought a potion of mutation for 27 gold pieces
 36478 | Snake:3  | Received a gift from Okawaru
 38403 | Snake:3  | Reached skill level 12 in Armour
 38585 | Snake:3  | Received a gift from Okawaru
 38953 | Snake:3  | Reached XP level 19. HP: 115/153 MP: 25/28
 39634 | Shoals:1 | Entered Level 1 of the Shoals
 40154 | Shoals:1 | Received a gift from Okawaru
 41403 | Shoals:2 | Received a gift from Okawaru
 41427 | Shoals:2 | You fall through a shaft!
 42996 | Shoals:3 | Received a gift from Okawaru
 43587 | Snake:4  | Entered Level 4 of the Snake Pit
 43617 | Snake:4  | Reached skill level 15 in Fighting
 43740 | Snake:4  | Reached XP level 20. HP: 57/162 MP: 29/29
 44487 | Snake:4  | Received a gift from Okawaru
 45115 | Snake:4  | Got an ancient triple sword {god gift}
 45116 | Snake:4  | Identified the +1 triple sword "Ypejunur" {venom, +Inv rN+ Int+3} (Okawaru gifted it to you on level 4 of the Snake Pit)
 45403 | Snake:4  | Received a gift from Okawaru
 45467 | Snake:4  | Got a serpentine rune of Zot
 45781 | Snake:4  | Found Serhigh's Gadget Shop.
 46404 | Vaults:1 | Entered Level 1 of the Vaults
 46425 | Vaults:1 | Received a gift from Okawaru
 47111 | Vaults:1 | Found Qulewo's General Store.
 47274 | Vaults:1 | Bought a scroll of teleportation for 39 gold pieces
 47845 | Vaults:1 | Reached XP level 21. HP: 169/169 MP: 30/30
 48358 | Vaults:1 | Received a gift from Okawaru
 48374 | Vaults:1 | Got an ancient triple sword {god gift}
 48375 | Vaults:1 | Identified the +3 triple sword of Lazel {slice, rPois Int+2} (Okawaru gifted it to you on level 1 of the Vaults)
 48697 | Vaults:1 | Noticed Donald
 48703 | Vaults:1 | Killed Donald
 49296 | Vaults:2 | Found a flickering gateway to a bazaar.
 49309 | Bazaar   | Entered a bazaar
 49311 | Bazaar   | Found Eqeejuph's Jewellery Shoppe.
 49317 | Bazaar   | Found Mijyg's Gadget Shop.
 49338 | Bazaar   | Found Napuang's Jewellery Emporium.
 49353 | Bazaar   | Found Qushy's Jewellery Shop.
 49921 | Vaults:2 | Received a gift from Okawaru
 50461 | Vaults:2 | Reached skill level 13 in Armour
 51034 | Vaults:3 | Found a magical portal.
 51039 | WizLab   | Entered Cigotuvi's Fleshworks
 51124 | WizLab   | Received a gift from Okawaru
 51669 | WizLab   | Identified Cigotuvi's Compendium of Lethal Transformation
 51672 | WizLab   | Identified Sif Muna's Volume of Shape Shifting
 51808 | WizLab   | Paralysed by a floating eye for 3 turns
 51823 | WizLab   | Reached XP level 22. HP: 179/179 MP: 31/31
 51829 | WizLab   | Paralysed by a floating eye for 4 turns
 51840 | WizLab   | Paralysed by a floating eye for 4 turns
 51928 | WizLab   | Received a gift from Okawaru
 52120 | Vaults:3 | Lost mutation: You are resistant to hostile enchantments. (MR+) [potion of cure mutation]
 52120 | Vaults:3 | Lost mutation: Armour fits poorly on your strangely shaped body. [potion of cure mutation]
 52120 | Vaults:3 | Lost mutation: Your body sometimes deteriorates upon taking damage. [potion of cure mutation]
 52121 | Vaults:3 | Lost mutation: Your spells are a little easier to cast, but a little less powerful. [potion of cure mutation]
 52121 | Vaults:3 | Lost mutation: Your system is resistant to poisons. (rPois) [potion of cure mutation]
 52121 | Vaults:3 | Lost mutation: You are partially covered in thin metallic scales. (AC +2) [potion of cure mutation]
 52121 | Vaults:3 | Lost mutation: You regenerate slowly when monsters are visible. [potion of cure mutation]
 52122 | Vaults:3 | Gained mutation: You have large cloven feet. [potion of mutation]
 52123 | Vaults:3 | Gained mutation: You are dopey. (Int -2) [potion of mutation]
 52123 | Vaults:3 | Gained mutation: You evolve. [potion of mutation]
 52123 | Vaults:3 | Gained mutation: Scrolls take you a little longer to read. [potion of mutation]
 52124 | Vaults:3 | Gained mutation: Your body sometimes deteriorates upon taking damage. [potion of mutation]
 52125 | Vaults:3 | Lost mutation: You evolve. [potion of cure mutation]
 52125 | Vaults:3 | Lost mutation: You are agile. (Dex +2) [potion of cure mutation]
 52125 | Vaults:3 | Lost mutation: Your body sometimes deteriorates upon taking damage. [potion of cure mutation]
 52125 | Vaults:3 | Lost mutation: You are dopey. (Int -2) [potion of cure mutation]
 52125 | Vaults:3 | Lost mutation: Scrolls take you a little longer to read. [potion of cure mutation]
 52126 | Vaults:3 | Gained mutation: Scrolls take you a little longer to read. [potion of mutation]
 52126 | Vaults:3 | Lost mutation: You are mostly covered in iridescent scales. (AC +4) [potion of mutation]
 52127 | Vaults:3 | Gained mutation: You are weak. (Str -2) [potion of mutation]
 52127 | Vaults:3 | Gained mutation: You occasionally shout uncontrollably at your foes. [potion of mutation]
 52127 | Vaults:3 | Gained mutation: Scrolls take you longer to read. [potion of mutation]
 52128 | Vaults:3 | Lost mutation: Scrolls take you longer to read. [potion of cure mutation]
 52128 | Vaults:3 | Lost mutation: You have large cloven feet. [potion of cure mutation]
 52128 | Vaults:3 | Lost mutation: You are weak. (Str -2) [potion of cure mutation]
 52128 | Vaults:3 | Lost mutation: Scrolls take you a little longer to read. [potion of cure mutation]
 52129 | Vaults:3 | Gained mutation: You are agile. (Dex +2) [potion of beneficial mutation]
 52130 | Vaults:3 | Gained mutation: You are robust. (+10% HP) [potion of beneficial mutation]
 52299 | Vaults:3 | Received a gift from Okawaru
 52405 | Vaults:3 | Received a gift from Okawaru
 52408 | Vaults:3 | Got a pair of fine boots {god gift}
 52419 | Vaults:3 | Identified the +0 pair of boots "Teidor" {rPois rC+} (Okawaru gifted it to you on level 3 of the Vaults)
 52912 | Vaults:3 | Found a shadowy altar of Dithmenos.
 52917 | Vaults:3 | Found a staircase to the Crypt.
 53062 | Vaults:3 | HP: 8/198 [vault warden/great mace of draining (31)]
 54205 | Vaults:4 | Received a gift from Okawaru
 54303 | Vaults:4 | Reached skill level 10 in Dodging
 55203 | Vaults:4 | Reached XP level 23. HP: 180/206 MP: 32/32
 55306 | Vaults:4 | Found a hazy altar of Hepliaklqana.
 55943 | Vaults:4 | Received a gift from Okawaru
 56045 | Vaults:4 | Got a twisted plate armour {god gift}
 56056 | Vaults:4 | Identified the +1 plate armour "Roant" {+Fly rElec Slay-5} (Okawaru gifted it to you on level 4 of the Vaults)
 56878 | D:13     | Learned a level 6 spell: Statue Form
 57021 | Elf:1    | Entered Level 1 of the Elven Halls
 57356 | Elf:1    | Found Niepsuxi's Antique Weapon Shop.
 57389 | Elf:1    | Noticed 4thArraOfDagon's ghost (journeyman TrWn)
 57401 | Elf:1    | Killed 4thArraOfDagon's ghost
 57804 | Elf:1    | Found Bupitolo's Armour Emporium.
 58260 | Elf:2    | Noticed Jorgrun
 58263 | Elf:2    | Killed Jorgrun
 58346 | Elf:2    | Found a runed gate.
 58347 | Elf:2    | Found a runed gate.
 58347 | Elf:2    | Found a runed gate.
 58374 | Elf:2    | Received a gift from Okawaru
 58674 | Elf:2    | Reached XP level 24. HP: 154/217 MP: 32/32
 59316 | Elf:2    | Reached skill level 14 in Armour
 59461 | Elf:3    | Entered Level 3 of the Elven Halls
 59830 | Elf:3    | Found Dyczomp's Gadget Boutique.
 59886 | Elf:3    | Bought a box of beasts for 400 gold pieces
 60110 | Elf:3    | Reached skill level 1 in Transmutations
 60110 | Elf:3    | Reached skill level 1 in Spellcasting
 61227 | Elf:3    | Reached skill level 1 in Earth Magic
 62136 | Elf:3    | Received a gift from Okawaru
 62386 | Elf:3    | Identified Eliagaxiz's Compendium of Feathers
 62665 | Elf:3    | Identified Sif Muna's Incunabulum of Spatial Feathers
 62667 | Elf:3    | Identified Furhuanari's Collected Works on Shape Shifting
 62755 | Elf:3    | Identified the Guide on Twisted Sinister Secrets
 62760 | Elf:3    | Learned a level 2 spell: Blink
 62789 | Elf:3    | Learned a level 5 spell: Aura of Abjuration
 63280 | Shoals:4 | Entered Level 4 of the Shoals
 63419 | Shoals:4 | Noticed Louise
 63433 | Shoals:4 | Killed Louise
 64078 | Shoals:4 | Got a barnacled rune of Zot
 64505 | Shoals:4 | Noticed Ilsuiw
 64523 | Shoals:4 | Killed Ilsuiw
 64530 | Shoals:3 | Received a gift from Okawaru
 64530 | Shoals:3 | Reached XP level 25. HP: 142/227 MP: 32/32
 64887 | Shoals:4 | Noticed Polyphemus
 64902 | Shoals:4 | Killed Polyphemus
 65390 | Shoals:4 | Reached skill level 15 in Armour
 66440 | Depths:1 | Entered Level 1 of the Depths
 66440 | Depths:1 | Found a gateway to Hell.
 66500 | Depths:1 | HP: 4/228 [deep troll (11)]
 67229 | Depths:1 | Reached skill level 5 in Transmutations
 67393 | Depths:1 | Identified Acros's Grimoire of Feathers
 67500 | Depths:1 | Noticed Sojobo
 67522 | Depths:1 | Killed Sojobo
 67522 | Depths:1 | Reached skill level 5 in Earth Magic
 68340 | Depths:1 | Received a gift from Okawaru
 68559 | Depths:1 | Reached skill level 5 in Spellcasting
 69150 | Depths:2 | Found a one-way gate to the infinite horrors of the Abyss.
 69755 | Depths:2 | Reached XP level 26. HP: 200/239 MP: 32/32
 70762 | Depths:2 | Reached skill level 16 in Armour
 71032 | Depths:2 | Received a gift from Okawaru
 71035 | Depths:2 | Got a polished triple sword {god gift}
 71036 | Depths:2 | Identified the +1 triple sword of Usiunimi {venom, Str+4 Dex+2} (Okawaru gifted it to you on level 2 of the Depths)
 71469 | Depths:3 | Received a gift from Okawaru
 73019 | Depths:3 | Got a scorched granite ring
 73020 | Depths:3 | Identified the ring "Culuoph" {*Corrode rElec Int+4 Dex+3} (You found it on level 3 of the Depths)
 73145 | Depths:3 | Reached XP level 27. HP: 220/250 MP: 33/33
 73208 | Depths:3 | Received a gift from Okawaru
 73265 | Depths:3 | Got a ripped robe {god gift}
 73277 | Depths:3 | Identified the +3 robe "Poosk" {*Slow rPois Regen+ Int+8} (Okawaru gifted it to you on level 3 of the Depths)
 74574 | Depths:4 | Found a bloodstained altar of Trog.
 74841 | Depths:4 | Received a gift from Okawaru
 75051 | Depths:4 | Reached skill level 17 in Armour
 75547 | Depths:4 | Found a gateway to a ziggurat.
 76428 | Depths:5 | Entered Level 5 of the Depths
 77174 | Depths:5 | Received a gift from Okawaru
 77536 | Depths:5 | Reached skill level 10 in Transmutations
 77536 | Depths:5 | Reached skill level 10 in Earth Magic
 77973 | Depths:5 | Received a gift from Okawaru
 78131 | Depths:5 | Found a gate to the Realm of Zot.
 78470 | Depths:5 | Found a shimmering altar of Xom.
 79153 | Vaults:5 | Entered Level 5 of the Vaults
 79169 | Vaults:5 | Received a gift from Okawaru
 79190 | Vaults:5 | Received a gift from Okawaru
 79190 | Vaults:5 | Reached skill level 18 in Armour
 79206 | Vaults:5 | Reached skill level 10 in Spellcasting
 79843 | Vaults:4 | Received a gift from Okawaru
 80201 | Vaults:5 | Noticed Mennas
 80295 | Vaults:5 | Identified Miwyi's Volume of Creative Feathers
 80307 | Vaults:5 | Got a silver rune of Zot
 81024 | Vaults:5 | Received a gift from Okawaru
 81664 | Vaults:5 | Killed Mennas
 81855 | Vaults:5 | Received a gift from Okawaru
 82143 | Vaults:5 | Got a warped triple sword {god gift}
 82144 | Vaults:5 | Identified the +10 triple sword of Tyukh {slice, rPois} (Okawaru gifted it to you on level 5 of the Vaults)
 82171 | Vaults:5 | Got a translucent graven amulet
 82189 | Vaults:5 | Identified the amulet "Jaata" {Regen+ Int+4 SInv} (You took it off a deep elf demonologist on level 5 of the Vaults)
 82368 | Vaults:5 | Learned a level 6 spell: Deflect Missiles
 82393 | Vaults:5 | Learned a level 9 spell: Tornado
 82651 | Vaults:5 | Got a twisted hat
 82662 | Vaults:5 | Identified the cursed -2 hat "Cabocuz" {SInv} (You found it on level 5 of the Vaults)
 82813 | Vaults:5 | Identified the Papyrus of Pessimism
 83053 | Vaults:5 | Got an ebony double sword {god gift}
 83054 | Vaults:5 | Identified the +4 double sword of Uraohizu {venom, Fragile +Blink rPois rN+ Dex-2} (Okawaru gifted it to you on level 5 of the Vaults)
 83086 | Vaults:5 | Got a steaming plate armour
 83097 | Vaults:5 | Identified the cursed +0 plate armour "Seunead" {rCorr Str+3 Dex+2} (You took it off a vault warden on level 5 of the Vaults)
 83114 | Vaults:5 | Got a shadowed robe
 83125 | Vaults:5 | Identified the cursed +1 robe "Raenk" {*Drain rN+ Int+5} (You took it off a yaktaur on level 5 of the Vaults)
 83522 | Temple   | Fell from the grace of Okawaru
 83522 | Temple   | Became a worshipper of the Shining One
 83852 | Crypt:1  | Entered Level 1 of the Crypt
 84032 | Crypt:1  | Reached * piety under the Shining One
 84148 | Crypt:1  | Reached ** piety under the Shining One
 84761 | Crypt:1  | Noticed Khufu
 84762 | Crypt:1  | Reached *** piety under the Shining One
 84764 | Crypt:1  | Noticed a greater mummy
 84769 | Crypt:1  | Killed Khufu
 84789 | Crypt:1  | Killed a greater mummy
 85089 | Crypt:1  | Noticed Jory
 85097 | Crypt:1  | Killed Jory
 85135 | Crypt:1  | Reached skill level 1 in Air Magic
 85141 | Crypt:1  | Reached **** piety under the Shining One
 85301 | Crypt:1  | HP: 10/343 [titan/bolt of lightning[the fury of Okawaru] (17)]
 85306 | Crypt:1  | HP: 15/343 [titan/the air[the fury of Okawaru] (28)]
 85432 | Crypt:2  | Reached ***** piety under the Shining One
 85951 | Crypt:2  | Reached ****** piety under the Shining One
 86218 | Crypt:2  | Got a spiked plate armour
 86219 | Crypt:2  | Identified the cursed +1 plate armour "Zyca" {-Tele rC+ MR+} (You found it on level 2 of the Crypt)
 86401 | Crypt:3  | Entered Level 3 of the Crypt
 87163 | Crypt:3  | Found a staircase to the Tomb.
 87526 | Crypt:3  | Found a basalt altar of Yredelemnul.
 87526 | Crypt:3  | Noticed an ancient lich
 87534 | Crypt:3  | Killed an ancient lich
 87582 | Crypt:3  | Got a sparkling jade amulet
 87654 | Crypt:3  | Noticed Mara
 87658 | Crypt:3  | Noticed Saways's illusion
 87665 | Crypt:3  | Killed Mara
 87942 | Crypt:3  | Reached skill level 5 in Air Magic
 89057 | Crypt:3  | Was forgiven by Okawaru
 89122 | Tomb:1   | Entered Level 1 of the Tomb of the Ancients
 89907 | Tomb:1   | Noticed a greater mummy
 89919 | Tomb:1   | Killed a greater mummy
 90332 | Tomb:1   | Got a brightly glowing great sword
 90333 | Tomb:1   | Identified the amulet "Seipesi" {RegenMP rElec rPois rF- rC+++} (You found it on level 3 of the Crypt)
 90335 | Tomb:1   | Identified the +8 great sword of the Firefly {freeze, +Fly rPois rC+} (You found it on level 1 of the Tomb of the Ancients)
 90383 | Tomb:2   | Noticed a greater mummy
 90383 | Tomb:2   | Noticed a greater mummy
 90384 | Tomb:2   | Noticed a greater mummy
 90384 | Tomb:2   | Noticed a greater mummy
 91033 | D:14     | Bought a bread ration for 55 gold pieces
 91033 | D:14     | Bought a meat ration for 55 gold pieces
 91033 | D:14     | Bought a bread ration for 55 gold pieces
 91033 | D:14     | Bought a bread ration for 55 gold pieces
 91033 | D:14     | Bought a meat ration for 55 gold pieces
 91033 | D:14     | Bought a meat ration for 55 gold pieces
 91033 | D:14     | Bought a meat ration for 55 gold pieces
 91033 | D:14     | Bought a bread ration for 55 gold pieces
 91254 | Temple   | Identified a +9 triple sword of holy wrath (a +9 triple sword of flaming blessed by the Shining One)
 91254 | Temple   | Received a gift from the Shining One
 91830 | Tomb:1   | Killed a greater mummy
 92038 | Tomb:2   | Killed a greater mummy
 92508 | Tomb:1   | Killed a greater mummy
 92692 | Tomb:2   | Killed a greater mummy
 92711 | Tomb:2   | Reached skill level 10 in Air Magic
 92841 | Tomb:2   | Learned a level 6 spell: Haste
 93063 | Tomb:1   | Noticed a greater mummy
 93066 | Tomb:1   | Noticed a greater mummy
 93072 | Tomb:1   | Killed a greater mummy
 93072 | Tomb:1   | Reached skill level 15 in Spellcasting
 93082 | Tomb:1   | Killed a greater mummy
 93137 | Tomb:1   | Noticed a greater mummy
 93138 | Tomb:1   | Noticed a greater mummy
 93138 | Tomb:1   | Noticed a greater mummy
 93142 | Tomb:1   | Killed a greater mummy
 93358 | Tomb:1   | Killed a greater mummy
 93364 | Tomb:1   | Killed a greater mummy
 93438 | Tomb:1   | Noticed a greater mummy
 93438 | Tomb:1   | Noticed a greater mummy
 93444 | Tomb:1   | Killed a greater mummy
 93449 | Tomb:1   | Killed a greater mummy
 93556 | Tomb:1   | Noticed a greater mummy
 93564 | Tomb:1   | Killed a greater mummy
 93754 | Tomb:1   | Noticed a greater mummy
 93755 | Tomb:1   | Noticed a greater mummy
 93756 | Tomb:1   | Noticed a greater mummy
 93765 | Tomb:1   | Killed a greater mummy
 93777 | Tomb:1   | Killed a greater mummy
 93780 | Tomb:1   | HP: 4/264 [death scarab[a greater mummy] (19)]
 93790 | Tomb:1   | Noticed a greater mummy
 93790 | Tomb:1   | Killed a greater mummy
 93830 | Tomb:1   | HP: 9/264 [greater mummy (10)]
 93835 | Tomb:1   | HP: 11/264 [??? (4)]
 93836 | Tomb:1   | Killed a greater mummy
 94183 | Tomb:1   | Noticed a greater mummy
 94193 | Tomb:1   | Killed a greater mummy
 94225 | Tomb:1   | Noticed a greater mummy
 94232 | Tomb:1   | Noticed a greater mummy
 94233 | Tomb:1   | Killed a greater mummy
 94245 | Tomb:1   | Killed a greater mummy
 94248 | Tomb:1   | Noticed a greater mummy
 94258 | Tomb:1   | Killed a greater mummy
 94264 | Tomb:1   | Noticed a greater mummy
 94285 | Tomb:1   | Killed a greater mummy
 94453 | Tomb:1   | Noticed a greater mummy
 94460 | Tomb:1   | Killed a greater mummy
 94485 | Tomb:1   | Noticed a greater mummy
 94485 | Tomb:1   | Noticed a greater mummy
 94492 | Tomb:1   | Noticed a greater mummy
 94496 | Tomb:1   | Killed a greater mummy
 94501 | Tomb:1   | Killed a greater mummy
 94516 | Tomb:1   | Killed a greater mummy
 95635 | Zot:1    | Entered Level 1 of the Realm of Zot
 96034 | Zot:1    | Reached skill level 19 in Armour
 97444 | Zot:2    | Reached skill level 20 in Armour
 98233 | D:13     | You paid a toll of a +5 demon trident to enter a treasure trove
 98234 | Trove    | Entered a treasure trove
 98267 | Trove    | Got a crude platinum ring
 98273 | Trove    | Identified the ring of the Tempest {rElec MP+9} (You found it in a treasure trove)
 99136 | Orc:2    | Bought a bread ration for 60 gold pieces
 99136 | Orc:2    | Bought a bread ration for 60 gold pieces
 99136 | Orc:2    | Bought a meat ration for 60 gold pieces
 99136 | Orc:2    | Bought a bread ration for 60 gold pieces
 99136 | Orc:2    | Bought a bread ration for 60 gold pieces
 99136 | Orc:2    | Bought a bread ration for 60 gold pieces
 99136 | Orc:2    | Bought a meat ration for 60 gold pieces
 99136 | Orc:2    | Bought a meat ration for 60 gold pieces
 99536 | Depths:4 | Voluntarily entered the Abyss.
 99854 | Abyss:1  | Reached skill level 15 in Air Magic
 99978 | Abyss:1  | Lost mutation: You are agile. (Dex +2) [a shining eye]
 99982 | Abyss:1  | Gained mutation: Your magical capacity is low. (-10% MP) [a shining eye]
100330 | Abyss:3  | Reached skill level 21 in Armour
100377 | Abyss:3  | Got an abyssal rune of Zot
100495 | Abyss:4  | Paralysed by accursed screaming for 1 turns
100536 | Depths:4 | Escaped the Abyss
101186 | Zot:3    | Identified a scroll of acquirement
101249 | Zot:3    | Got a flickering steel ring
101300 | Zot:3    | Reached skill level 22 in Armour
101518 | Zot:3    | Identified the ring "Plog" {rF+ Int+4 Stlth+} (You acquired it on level 3 of the Realm of Zot)
102919 | Zot:5    | Entered Level 5 of the Realm of Zot
102992 | Zot:5    | Reached skill level 23 in Armour
103158 | Zot:5    | Noticed an orb of fire
103170 | Zot:5    | Killed an orb of fire
103535 | Zot:5    | Noticed an ancient lich
103536 | Zot:5    | Noticed an orb of fire
103551 | Zot:5    | Killed an orb of fire
103554 | Zot:5    | Killed an ancient lich
103653 | Zot:5    | Noticed an ancient lich
103660 | Zot:5    | Killed an ancient lich
103662 | Zot:5    | Noticed an ancient lich
103677 | Zot:5    | Killed an ancient lich
103698 | Zot:5    | Reached skill level 24 in Armour
103700 | Zot:5    | Noticed an orb of fire
103712 | Zot:5    | Killed an orb of fire
103921 | Zot:5    | Noticed an orb of fire
103931 | Zot:5    | Killed an orb of fire
103959 | Zot:5    | Noticed an orb of fire
103960 | Zot:5    | Gained mutation: Your magical capacity is very low. (-20% MP) [an orb of fire]
103968 | Zot:5    | Gained mutation: You expend magic power (3 MP) to strengthen your wands. [an orb of fire]
103981 | Zot:5    | Killed an orb of fire
105027 | Crypt:1  | Reached skill level 25 in Armour
105444 | Tomb:3   | Entered Level 3 of the Tomb of the Ancients
105463 | Tomb:3   | Noticed a greater mummy
105468 | Tomb:3   | Noticed a greater mummy
105469 | Tomb:3   | Noticed a greater mummy
105474 | Tomb:3   | Killed a greater mummy
105494 | Tomb:2   | Killed a greater mummy
105852 | Tomb:3   | Killed a greater mummy
106379 | Tomb:3   | Noticed a greater mummy
106388 | Tomb:3   | Killed a greater mummy
106484 | Tomb:3   | Identified the Handbook of the Assistive Oath
106536 | Tomb:3   | Identified the Disquisition on the Boosting Mountains
106551 | Tomb:3   | Got a wavering iron ring
106596 | Tomb:3   | Identified the ring "Hajykopt" {rElec Str+5} (You found it on level 3 of the Tomb of the Ancients)
106598 | Tomb:3   | Noticed a greater mummy
106606 | Tomb:3   | Killed a greater mummy
106622 | Tomb:3   | Noticed a greater mummy
106630 | Tomb:3   | Killed a greater mummy
106760 | Tomb:3   | Noticed a greater mummy
106766 | Tomb:3   | Killed a greater mummy
106965 | Tomb:3   | Noticed a greater mummy
106981 | Tomb:3   | Killed a greater mummy
107195 | Tomb:3   | Got a golden rune of Zot
107272 | Tomb:3   | Noticed a greater mummy
107280 | Tomb:3   | Killed a greater mummy
107280 | Tomb:3   | Reached skill level 26 in Armour
107772 | Tomb:3   | Got an encrusted scale mail
107783 | Tomb:3   | Identified the +6 scale mail of the King of the Hill {rElec Str+3 Int-4} (You found it on level 3 of the Tomb of the Ancients)
108484 | Hell     | Entered the Vestibule of Hell
108484 | Hell     | Noticed Geryon
108507 | Hell     | Killed Geryon
108624 | Hell     | Found a gateway to the decaying netherworld of Tartarus.
108736 | Hell     | Found a gateway to the freezing wastes of Cocytus.
108843 | Hell     | Found a gateway to the Iron City of Dis.
108928 | Hell     | Found a gateway to the ashen valley of Gehenna.
109094 | Geh:1    | Entered Level 1 of Gehenna
109408 | Geh:1    | You fall through a shaft!
109705 | Geh:2    | Reached skill level 27 in Armour
110874 | Geh:3    | Gained mutation: Scrolls take you a little longer to read. [mutagenic glow]
110917 | Geh:3    | Gained mutation: You tend to lose your temper in combat. [mutagenic glow]
112348 | Geh:5    | Lost mutation: Your magical capacity is very low. (-20% MP) [potion of cure mutation]
112348 | Geh:5    | Lost mutation: Your magical capacity is low. (-10% MP) [potion of cure mutation]
112348 | Geh:5    | Lost mutation: Scrolls take you a little longer to read. [potion of cure mutation]
112348 | Geh:5    | Lost mutation: You are robust. (+10% HP) [potion of cure mutation]
112348 | Geh:5    | Lost mutation: You tend to lose your temper in combat. [potion of cure mutation]
113183 | Geh:7    | Entered Level 7 of Gehenna
114314 | Geh:7    | Reached skill level 15 in Dodging
114333 | Geh:7    | Noticed Asmodeus
114345 | Geh:7    | Killed Asmodeus
114365 | Geh:7    | Got an obsidian rune of Zot
114663 | Geh:7    | Got a heavily runed chain mail
114664 | Geh:7    | Identified the +3 chain mail of Words of Power {MR+ Int+4 Stlth+} (You found it on level 7 of Gehenna)
115010 | Dis:1    | Entered Level 1 of the Iron City of Dis
116310 | Dis:2    | HP: 6/222 [iron giant/iron shot[the effects of Hell] (65)]
116310 | Dis:2    | Slain by a skeletal warrior

Vault maps used:
D:1:      scummos_arrival_simple_fountains
D:2:      minmay_tetromino_i4
D:3:      cheibrodos_ashenzari_chains, uniq_terence
D:4:      first_bread, serial_park_tiny_pond
D:5:      uniq_blork_the_orc, uniq_edmund, uniq_menkaure, uniq_eustachio
D:6:      basic_altar, glass_columns_a, minmay_misc_feat_square,
          kennysheep_generic_room_16, uniq_pikel
D:7:      kennysheep_mini_moat, overflow_temple_1_default, uniq_joseph
D:8:      nicolae_gozag_cash_rules_everything_around_me, xom_confusion_cloud,
          serial_shops, shop, the_bakery, uniq_erica, uniq_prince_ribbit1
D:9:      minmay_orc_entry_temple_small, amethyst_killhole,
          minmay_misc_feat_columns
D:10:     grunt_lair_entry_orc_guard_hut
D:11:     uniq_psyche
D:12:     kennysheep_room_grid, lab_entry_generic, uniq_nergalle
D:13:     nicolae_trove_entry_free_sample, small_statue_intersection
D:14:     minmay_blocking_statues, lightli_vaults_fourway_checkpoint,
          minmay_misc_feat_chi, serial_shops, shop, nrook_uturn, uniq_josephine
D:15:     gammafunk_depths_entry_grave, corexii_hall_statues_x,
          hangedman_decor_lopped
Temple:   eino_temple_scatter_basement
Lair:3:   elwin_shoals_entry_rocks, guppyfry_snake_entry_garden, uniq_gastronok
Lair:4:   grunt_megastairs_3, uniq_rupert
Lair:5:   st_stairs_7, grunt_megastairs_2
Lair:6:   evilmike_catoblepas_cave, minmay_slime_entry_oklob_enclosed
Shoals:1: st_sunken_temple
Shoals:3: nicolae_shoals_mertower
Shoals:4: shoals_end_hangedman, shoal_ilsuiw,
          nicolae_shoals_arrival_archipelago, uniq_louise, uniq_polyphemus
Snake:1:  nicolae_snake_round_shape_thing, uniq_agnes, uniq_aizul, uniq_azrael
Snake:2:  serial_shops, shop
Snake:3:  spider_trap, serial_bayou_shore_b
Snake:4:  grunt_snake_rune_serpentine_throne, serial_shops,
          nicolae_shop_waterfront, grunt_ministairs_12,
          hangedman_snake_thin_pillar_pass
Orc:1:    enter_volcano_4, nicolae_for_you_no_charge, uniq_fannar, uniq_snorg
Orc:2:    pf_orc_diabolical, uniq_maurice
Elf:1:    elf_arrival_001, portal_ice_cave_entry_pillars_four, serial_shops,
          shop, shop_statue, serial_glass, glass_columns_a, glass_columns_b,
          minmay_strange_pillars, feat_on_display
Elf:2:    minivault_26, uniq_jorgrun
Elf:3:    minmay_elf_hall_dome, serial_shops, shop, nrook_loot_triangle
Vaults:1: vaults_room_boxed, nicolae_vaults_specimen_jars,
          hangedman_vaults_corner_blocks, hangedman_vaults_stretched_pinwheel,
          grunt_vaults_hallway_long, hangedman_vaults_maws,
          nicolae_vaults_what_the_h, ontoclasm_vaults_chip,
          dpeg_vaults_monster_box, serial_shops, shop, uniq_donald
Vaults:2: hangedman_vaults_variations, ontoclasm_vaults_misaligned,
          ontoclasm_vaults_twist, nicolae_vaults_little_squares_6, v_misc_27,
          serial_shops, bzr_entry_customers
Vaults:3: vaults_dpeg_hooks, st_check, hangedman_vaults_nodes,
          ontoclasm_vaults_chip, vaults_room_corners, ontoclasm_vaults_gateway,
          hangedman_vaults_pinch, v_pattern_5, nicolae_vaults_yaktaur_gun_rack,
          nicolae_vaults_little_squares_6, vaults_room_fancy_cross,
          vaults_dpeg_diagonal, dummy_crypt_entry, basic_altar,
          mu_enter_wizlab_1
Vaults:4: stair_cage_open, v_misc_25, hangedman_vaults_locks,
          hangedman_vaults_slice, nicolae_vaults_little_squares_4,
          hangedman_vaults_snaps, v_misc_12, nicolae_vaults_ninety_degrees,
          hangedman_vaults_cutoff, vaults_dpeg_ring,
          nicolae_vaults_little_squares_6, grunt_vaults_diagonal,
          nicolae_vaults_murderbox, basic_altar
Vaults:5: serial_shops, uniq_mennas
Crypt:1:  nicolae_crypt_soggy_tomb, grunt_crypt_arrival_split, uniq_jory,
          uniq_khufu
Crypt:2:  grunt_ministairs_14, st_shrine_of_skulls, lemuel_elevator,
          grunt_megastairs_4
Crypt:3:  cryptofortress_bobbens, uniq_mara
Depths:1: hangedman_decor_opposing, hell_entry, serial_sigils,
          serial_sigils_hangedman_quiver, serial_sigils_hangedman_scar,
          serial_sigils_hangedman_carve, serial_sigils_hangedman_quiver,
          hex_intersection, serial_bayou_lagoon_a, st_stairs_13,
          hangedman_research_electronics, uniq_sojobo
Depths:2: nooodl_heptagram, serial_column_ruins, column_ruins_portal_astroid,
          column_ruins_hut, column_ruins_grid_1, column_ruins_open_small,
          column_ruins_grid_3, column_ruins_open_tiny, hell_entry
Depths:3: hangedman_grunt_twisty_little_passages, grunt_hell_horde, pan_entry,
          infiniplex_staircase_zigzag_4, kennysheep_generic_room_2
Depths:4: kennysheep_blocky_hall, enter_ziggurat_c, hangedman_coc_ice_floe,
          pan_entry, nicolae_abyss_entry_one_way_or_another,
          roderic_cross_of_infinity, evilmike_spriggan_trog_shrine,
          serial_bayou_shore_a
Depths:5: evilmike_zot_entry_hall, hell_entry, lemuel_statue_altar,
          minmay_misc_feat_plants, spider_trap
Dis:1:    nicolae_dis_iron_filings
Geh:3:    grunt_megastairs_1
Geh:4:    lemuel_elevator
Geh:5:    hangedman_mysterious_dungeon_monster_house
Geh:6:    lemuel_old_faithful
Geh:7:    geh_grunt
Zot:1:    hangedman_zot_gyre
Zot:3:    grunt_zot_stairs_faceoff
Zot:5:    bh_zot_ikea_curve, st_stairs_10
Abyss:2:  hangedman_stitches_earthworm
Abyss:3:  nicolae_abyss_rune_left_handed, grunt_abyss_exit_deep_breaths
Abyss:4:  evilmike_abyss_exit_smiterflies, evilmike_abyss_exit_chaos
Lab:      nicolae_lab_dead_adventurers, nicolae_lab_plus
Bazaar:   bazaar_kb_twisted_cavern
Trove:    trove_simple
WizLab:   wizlab_cigotuvi

Skill      XL: |  1  2  3  4  5  6  7  8  9 10 11 12 13 14 15 16 17 18 19 20 21 22 23 24 25 26 27 |
---------------+----------------------------------------------------------------------------------+-----
Fighting       | 4 5 6 7 8 10 11 12 13 14 15 16 17 18 19 20 21 24 | 24.4
Shields        | 4 |  4.4
Long Blades    | 3 5 7 10 11 13 14 15 16 17 18 19 21 22 23 24 25 26 | 26.5
Armour         | 4 5 6 7 8 9 10 11 12 13 14 15 16 27 | 27.0
Dodging        | 1 2 3 4 6 7 8 9 10 16 | 16.2
Invocations    | 2 4 5 7 8 9 10 11 12 13 | 13.4
Transmutations | 3 6 7 13 | 13.8
Spellcasting   | 3 5 7 22 | 22.0
Earth Magic    | 3 5 8 11 | 11.7
Air Magic      | 21 | 21.8

Action                   |  1- 3 |  4- 6 |  7- 9 | 10-12 | 13-15 | 16-18 | 19-21 | 22-24 | 25-27 || total
-------------------------+-------+-------+-------+-------+-------+-------+-------+-------+-------++-------
Melee: Long sword        |    14 |    75 |   421 |   267 |       |       |       |       |       ||   777
       Mace              |    93 |   224 |       |       |       |       |       |       |       ||   317
       Scimitar          |       |       |       |   577 |  1195 |   875 |       |       |       ||  2647
       Double sword      |       |       |       |       |   127 |   211 |       |       |       ||   338
       Triple sword      |       |       |       |       |       |   452 |  1453 |  1611 |  8288 || 11804
 Cast: Statue Form       |       |       |       |       |       |       |       |       |    37 ||    37
       Deflect Missiles  |       |       |       |       |       |       |       |       |     1 ||     1
Invok: Heroism           |       |       |       |     7 |    14 |    19 |    22 |    25 |    41 ||   128
       Finesse           |       |       |       |       |     1 |       |     1 |     3 |    10 ||    15
       Cleansing Flame   |       |       |       |       |       |       |       |       |    24 ||    24
       Divine Shield     |       |       |       |       |       |       |       |       |    22 ||    22
       Summon Divine War |       |       |       |       |       |       |       |       |     9 ||     9
       Brand Weapon With |       |       |       |       |       |       |       |       |     1 ||     1
 Abil: End Transformatio |       |       |       |       |       |       |       |       |     1 ||     1
Evoke: Wand              |       |       |       |     9 |    15 |     1 |       |     1 |     5 ||    31
       Sack of spiders   |       |       |       |       |       |       |       |       |     1 ||     1
  Use: Scroll            |     1 |     8 |     3 |    10 |    13 |     3 |    16 |    18 |    64 ||   136
       Potion            |     1 |     6 |    10 |     8 |     2 |     8 |    12 |    19 |    30 ||    96
 Stab: Invisible         |       |       |     5 |     2 |       |       |     1 |       |       ||     8
       Distracted        |       |       |       |       |     3 |     1 |     3 |       |     2 ||     9
       Sleeping          |       |       |       |       |       |     1 |     2 |     1 |       ||     4
       Held in net/web   |       |       |       |       |       |       |       |     1 |       ||     1
       Petrifying        |       |       |       |       |       |       |       |       |     4 ||     4
  Eat: Meat ration       |       |     1 |     1 |       |       |     5 |     1 |     8 |    15 ||    31
       Chunk             |       |     1 |     9 |    12 |    26 |     5 |     5 |       |     8 ||    66
       Bread ration      |       |     1 |     1 |     4 |     4 |     2 |     6 |       |    17 ||    35
       Pizza             |       |       |     1 |       |       |       |       |     1 |     8 ||    10
       Beef jerky        |       |       |       |       |     3 |     3 |       |     1 |     8 ||    15
       Fruit             |       |       |       |       |     3 |     2 |     1 |     6 |    10 ||    22
       Royal jelly       |       |       |       |       |       |       |       |       |     7 ||     7
Armor: Scale mail        |    63 |   139 |       |    65 |   317 |    88 |       |       |       ||   672
       Chain mail        |       |    23 |    93 |    83 |       |       |       |       |       ||   199
       Skin              |       |       |       |    22 |       |       |       |       |   246 ||   268
       Plate armour      |       |       |       |       |       |   236 |       |       |       ||   236
       Ice dragon armour |       |       |       |       |       |    36 |   428 |   188 |       ||   652
       Gold dragon armou |       |       |       |       |       |       |       |   374 |  3588 ||  3962
       Robe              |       |       |       |       |       |       |       |       |     8 ||     8
Dodge: Dodged            |    38 |   125 |   139 |   337 |   600 |  1141 |  1272 |  1176 |  6199 || 11027
       Deflected         |       |       |       |       |       |       |       |       |     7 ||     7
Block: Shield            |    60 |    14 |       |       |       |       |       |       |       ||    74
       Buckler           |       |   119 |   113 |   198 |   314 |   379 |       |       |       ||  1123
       Other             |       |       |       |       |       |       |       |       |   382 ||   382
